Map: Ulrena

Players

Pioneer - Winner!

  • Race: Protoss Protoss

capac

  • Race: Terran Terran
  • League: Gold

VOD

Have the link to the VOD?

Description

Time

  • Played on: March 8, 2016, 1:43 p.m.
  • Length: 9:19
Show
View Real Time Build Order
Export as new Build Order

Pioneer Protoss - Winner!

Build Orders: Double Forge 

Get SALT Encoding   

  12  0:01  Probe (Chrono Boost)  
  13  0:11  Probe (Chrono Boost)  
  14  0:22  Probe (Chrono Boost)  
  14  0:27  Pylon  
  15  0:39  Assimilator  
  15  0:45  Probe (Chrono Boost)  
  15  0:48  Gateway  
  16  0:56  Probe (Chrono Boost)  
  17  0:59  Assimilator  
  17  1:07  Probe (Chrono Boost)  
  18  1:22  Probe (Chrono Boost)  
  20  1:33  Probe (Chrono Boost)  
  20  1:36  Cybernetics Core  
  20  1:43  Probe (Chrono Boost)  
  21  1:50  Pylon  
  21  1:54  Probe (Chrono Boost)  
  22  2:04  Probe (Chrono Boost)  
  23  2:12  Forge  
  23  2:13  Warp Gate (Chrono Boost)  
  23  2:14  Stalker  
  25  2:17  Mothership Core  
  27  2:25  Pylon  
  27  2:59  Nexus  
  27  3:01  Photon Cannon  
  27  3:04  Stalker  
  29  3:28  Pylon  
  29  3:35  Gateway  
  29  3:36  Gateway  
  29  3:37  Gateway  
  29  3:43  Pylon  
  29  3:57  Protoss Ground Weapons Level 1 (Chrono Boost)  
  29  3:59  Probe  
  30  4:11  Probe  
  30  4:14  Photon Cannon  
  31  4:17  Probe  
  31  4:23  Probe  
  33  4:28  Probe  
  34  4:37  Forge  
  34  4:39  Gateway  
  34  4:43  Twilight Council  
  34  4:46  Sentry  
  36  4:53  Sentry x3  
  36  4:56  Probe  
  43  5:03  Assimilator  
  43  5:06  Probe, Assimilator  
  43  5:09  Probe  
  45  5:17  Probe  
  46  5:25  Charge  
  46  5:30  Protoss Ground Armor Level 1 (Chrono Boost)  
  46  5:42  Probe  
  46  5:43  Probe  
  48  5:50  Dark Shrine  
  48  5:51  Pylon  
  48  5:53  Probe  
  48  5:56  Probe  
  50  5:58  Pylon  
  50  6:08  Probe  
  51  6:34  Pylon  
  51  6:37  Zealot x3  
  51  6:38  Zealot x2  
  61  7:05  Zealot  
  61  7:06  Zealot  
  61  7:07  Zealot  
  61  7:08  Zealot x2  
  71  7:13  Protoss Ground Weapons Level 2 (Chrono Boost)  
  71  7:27  Dark Templar x3  
  75  8:09  Dark Templar  
  75  8:10  Dark Templar x3  
  79  8:18  Zealot  
  56  8:41  Dark Templar  
  56  8:42  Dark Templar x2  
  56  8:43  Dark Templar  
Show
View Real Time Build Order
Export as new Build Order

capac Terran 

Build Orders:  

Get SALT Encoding   

  12  0:00  SCV  
  13  0:13  SCV  
  14  0:18  Supply Depot  
  14  0:25  SCV  
  15  0:39  SCV  
  15  0:41  Barracks  
  16  0:46  Refinery  
  16  0:52  SCV  
  17  1:04  SCV  
  18  1:20  SCV  
  19  1:38  Command Center  
  19  1:39  Barracks Reactor  
  19  1:40  SCV  
  20  1:56  Orbital Command  
  20  2:06  Barracks  
  20  2:15  Supply Depot  
  20  2:16  Marine x2  
  22  2:30  SCV  
  23  2:38  Factory  
  23  2:39  Marine  
  23  2:42  Marine, SCV  
  26  2:57  Bunker  
  26  2:59  Marine x2  
  28  3:06  Refinery  
  28  3:10  Marine  
  29  3:14  SCV  
  29  3:16  SCV  
  31  3:24  Factory Tech Lab  
  31  3:26  Barracks Tech Lab  
  30  3:28  Marine  
  31  3:38  Supply Depot  
  31  3:39  SCV x2  
  33  3:48  Marine x2  
  33  3:49  Starport  
  33  3:50  Marine  
  36  3:58  Engineering Bay  
  36  4:03  SCV  
  36  4:09  Marine x2  
  39  4:16  Siege Tank  
  42  4:21  Stimpack  
  42  4:26  SCV  
  43  4:31  Orbital Command  
  43  4:36  Marine  
  43  4:37  Marine  
  45  4:44  Missile Turret  
  45  4:52  Marine  
  46  4:55  Siege Tank, Missile Turret  
  46  4:57  Starport Reactor  
  49  5:02  Supply Depot  
  49  5:08  SCV x2  
  51  5:18  Refinery, Marine x3  
  54  5:23  SCV x2  
  54  5:27  Supply Depot  
  56  5:35  Medivac x2  
  60  5:36  Marine x2  
  62  5:48  Marine, SCV x2  
  65  5:54  Marine x2  
  67  5:58  Siege Tank  
  70  6:05  Supply Depot  
  70  6:06  Marine  
  71  6:11  Marine  
  71  6:12  Marine, Medivac x2  
  77  6:37  Barracks  
  77  6:42  Barracks  
  77  6:43  Marine  
  77  6:44  Barracks, Marine x2  
  77  6:45  Siege Tank  
  83  7:25  Marine x3  
  86  7:33  Barracks Reactor  
  86  7:34  Barracks Reactor x2  
  86  7:38  Supply Depot  
  86  7:39  Supply Depot  
  86  7:44  Command Center  
  81  8:05  Marine  
  81  8:06  Marine x2  
  57  8:23  Marine  
  57  8:24  Marine  
  43  8:35  Marine x2  
  43  8:36  Marine x3  
  46  8:52  SCV x2  
  37  9:04  SCV  
Tags
 
League
Gold
Matchup
PvT
Add a new tag
Caveats
  • Supply blocks, unpowered buildings, or Contaminate may cause inaccurate times.
  • Supply counts are checked every 10 seconds.